DALLAS vs LOS ANGELES

Created - January-25-21 at 13:45

Goals
1 2 3 T
DALLAS 2 1 1 4
LOS ANGELES 2 3 1 6
Shots
1 2 3 T
DALLAS 8 13 8 29
LOS ANGELES 16 14 11 41

1st period

1. LOS ANGELES , Nick Bonino 5 (Alex Goligoski 5, Mike Hoffman 5) at 1:06
2. DALLAS , Kasperi Kapanen 2 (Ilya Mikheyev 3, Jakob Chychrun 5) at 12:05
3. LOS ANGELES , Kris Letang 3 (Ryan McDonagh 2, Nick Bonino 4) at 14:04
4. DALLAS , Auston Matthews 4 (Jakob Chychrun 6, Mikko Rantanen 5) at 19:43

Penalties :
No Penalty

2nd period

5. LOS ANGELES , Mika Zibanejad 8 (Kris Letang 8) at 2:23 (PP)
6. LOS ANGELES , Nick Bonino 6 (Jakub Vrana 6) at 2:44
7. LOS ANGELES , Artem Anisimov 2 (Johnny Boychuk 3, Vladislav Namestnikov 2) at 3:21
8. DALLAS , Timo Meier 4 (Auston Matthews 8, Jakob Chychrun 7) at 10:55

Penalties :
Brady Skjei (DAL) for Tripping (Minor) at 0:59, Kris Letang (LOS) for Roughing (Minor) at 5:26, Jakob Chychrun (DAL) for Hooking (Minor) at 13:34, Nikita Zaitsev (DAL) for Tripping (Minor) at 16:47

3rd period

9. LOS ANGELES , Jonathan Toews 6 (Mika Zibanejad 11, Matthew Tkachuk 10) at 5:48
10. DALLAS , Timo Meier 5 (Quinn Hughes 1, Auston Matthews 9) at 13:01

Penalties :
Timo Meier (DAL) for Hooking (Minor) at 19:04

Goalie Stats

Ben Bishop (DAL), 35 saves from 41 shots - (0.854), L, 9-3-0, 60:00 minutes
Antti Raanta (LOS), 25 saves from 29 shots - (0.862), W, 7-5-0, 60:00 minutes

Players Stats for DALLAS

Player Name              G  A  P  +/- PIM S  H  SB GA TA FO     MP     PP MP  PK MP  
------------------------------------------------------------------------------------
Adam Boqvist             0  0  0   0  0   0  1  2  0  0  0/0    18:09   0:00   3:02 
Alex Tuch                0  0  0   0  0   0  3  0  0  0  7/18   14:37   0:00   1:32 
Auston Matthews          1  2  3   1  0   3  0  1  0  0  14/33  22:00   0:44   3:36 
Brady Skjei              0  0  0  -1  2   1  3  1  0  0  0/0    23:17   1:15   2:36 
Charlie McAvoy           0  0  0  -1  0   2  1  5  0  0  0/0    24:29   1:15   4:07 
Denis Gurianov           0  0  0   0  0   0  0  0  0  0  1/1     5:02   0:00   0:00 
Evgenii Dadonov          0  0  0  -2  0   7  0  0  0  0  1/2    18:51   1:15   1:39 
Ilya Mikheyev            0  1  1   0  0   3  1  0  0  0  0/0    13:05   0:00   0:00 
Jakob Chychrun           0  3  3   0  2   1  2  0  0  0  0/0    19:21   0:44   1:28 
Kasperi Kapanen          1  0  1   0  0   3  0  0  0  0  1/2    13:05   0:00   0:00 
Kirby Dach               0  0  0   0  0   0  0  0  0  0  3/9     5:02   0:00   0:00 
Lawson Crouse            0  0  0   0  0   0  3  0  0  0  0/0     6:01   0:00   0:59 
Mikko Rantanen           0  1  1   1  0   2  1  0  0  0  0/2    22:00   0:44   3:36 
Nikita Zaitsev           0  0  0   0  2   1  3  1  0  0  0/0    19:02   0:44   1:09 
Pavel Zacha              0  0  0  -2  0   1  2  0  0  0  11/24  17:54   1:15   0:42 
Quinn Hughes             0  1  1   0  0   0  2  2  0  0  0/0    15:39   0:00   0:12 
Timo Meier               2  0  2   1  2   3  5  0  0  0  1/1    18:53   0:44   0:30 
Travis Konecny           0  0  0  -2  0   2  2  0  0  0  0/1    17:12   1:15   0:00 

Players Stats for LOS ANGELES

Player Name              G  A  P  +/- PIM S  H  SB GA TA FO     MP     PP MP  PK MP  
------------------------------------------------------------------------------------
Alex Goligoski           0  1  1   0  0   4  2  0  0  0  0/0    22:02   2:02   0:27 
Artem Anisimov           1  0  1   0  0   4  0  0  0  0  0/3    12:01   0:00   0:00 
Gabriel Bourque          0  0  0   0  0   1  0  0  0  0  0/1     6:14   0:00   0:00 
Jakub Vrana              0  1  1   3  0   3  2  0  0  0  1/1    17:26   2:02   0:00 
Johnny Boychuk           0  1  1   1  0   1  1  0  0  0  0/0    12:28   0:00   0:00 
Jonathan Toews           1  0  1  -2  0   3  0  0  0  0  13/21  23:12   4:15   0:52 
Josh Manson              0  0  0   1  0   0  2  2  0  0  0/0    13:44   0:00   1:16 
Kris Letang              1  1  2   0  2   5  4  0  0  0  0/0    23:57   4:15   0:00 
Matthew Tkachuk          0  1  1  -2  0   0  7  0  0  0  0/1    22:47   4:15   0:27 
Mika Zibanejad           1  1  2  -2  0   6  0  0  0  0  8/14   23:22   4:15   1:02 
Mike Hoffman             0  1  1   3  0   1  2  0  0  0  1/1    17:53   2:02   0:27 
Nick Bonino              2  1  3   3  0   7  2  0  0  0  17/28  17:26   2:02   0:00 
Nick Cousins             0  0  0   0  0   1  0  0  0  0  0/0     6:14   0:00   0:00 
Riley Nash               0  0  0   0  0   0  0  0  0  0  8/13    6:14   0:00   0:00 
Ryan McDonagh            0  1  1   0  0   2  0  1  0  0  0/0    25:30   4:15   1:32 
Travis Zajac             0  0  0   0  0   2  0  0  0  0  6/8    12:31   0:00   0:30 
Vladislav Namestnikov    0  1  1   0  0   1  0  0  0  0  0/2    12:41   0:00   0:40 
Zdeno Chara              0  0  0   0  0   0  2  0  0  0  0/0    22:18   2:02   0:43 

3 Stars

1 - Nick Bonino (LOS)
2 - Timo Meier (DAL)
3 - Auston Matthews (DAL)

Power Play

DALLAS - 0 on 1 Attempt(s) - 0.00%
LOS ANGELES - 1 on 4 Attempt(s) - 25.00%

Penalty Kill

DALLAS - 3 on 4 Attempt(s) - 75.00% - Score 0 goal in Penalty Kill
LOS ANGELES - 1 on 1 Attempt(s) - 100.00% - Score 0 goal in Penalty Kill

Team Stat

DALLAS - Hits : 29 - Faceoff Wins : 39 - Blocked Shots : 12 - Penalty Minutes : 8
LOS ANGELES - Hits : 24 - Faceoff Wins : 54 - Blocked Shots : 3 - Penalty Minutes : 2

Official

Referees : Wes McCauley and Terry Koharski
Linesman : Brent Colby and Mark Shewchyk

Game Notes

No Game Note

Finance

Level 1 -- Attendance: 4629 (77.15%) -- Ticket Income $462,900
Level 2 -- Attendance: 4000 (80.00%) -- Ticket Income $240,000
Level 3 -- Attendance: 1780 (89.00%) -- Ticket Income $62,300
Level 4 -- Attendance: 4000 (100.00%) -- Ticket Income $80,000
Luxury Box -- Attendance: 668 (66.80%) -- Ticket Income $133,600
Game was played at the Staples Center.
Total Attendance: 15077 (83.76%)
Total Ticket Income: $978,800
Total Income: $978,800

DALLAS

5 vs 5 Forward 
   Center                   Left Wing                Right Wing               Time % Phy DF OF 
 1 Auston Matthews          Mikko Rantanen           Timo Meier               35     1   2  2  
 2 Pavel Zacha              Evgenii Dadonov          Travis Konecny           30     1   2  2  
 3 Alex Tuch                Kasperi Kapanen          Ilya Mikheyev            25     1   2  2  
 4 Kirby Dach               Lawson Crouse            Denis Gurianov           10     1   2  2  

5 vs 5 Defense 
   Defense                  Defense                                           Time % Phy DF OF 
 1 Charlie McAvoy           Brady Skjei                                       35     1   2  2  
 2 Nikita Zaitsev           Jakob Chychrun                                    30     1   2  2  
 3 Quinn Hughes             Adam Boqvist                                      25     1   2  2  
 4 Charlie McAvoy           Brady Skjei                                       10     1   2  2  

PowerPlay Forward 
   Center                   Left Wing                Right Wing               Time % Phy DF OF 
 1 Auston Matthews          Mikko Rantanen           Timo Meier               60     1   2  2  
 2 Pavel Zacha              Evgenii Dadonov          Travis Konecny           40     1   2  2  

PowerPlay Defense
   Defense                  Defense                                           Time % Phy DF OF 
 1 Charlie McAvoy           Brady Skjei                                       60     1   2  2  
 2 Nikita Zaitsev           Jakob Chychrun                                    40     1   2  2  

Penalty Kill 4 Players Forward 
   Center                   Wing                     Time % Phy DF OF 
 1 Auston Matthews          Mikko Rantanen           60     1   2  2  
 2 Timo Meier               Evgenii Dadonov          40     1   2  2  

Penalty Kill 4 Players Defense
   Defense                  Defense                  Time % Phy DF OF 
 1 Charlie McAvoy           Brady Skjei              60     1   2  2  
 2 Nikita Zaitsev           Jakob Chychrun           40     1   2  2  

Penalty Kill - 3 Players Forward 
   Forward                                           Time % Phy DF OF 
 1 Auston Matthews                                   60     1   2  2  
 2 Mikko Rantanen                                    40     1   2  2  

Penalty Kill - 3 Players Defense
   Defense                  Defense                  Time % Phy DF OF 
 1 Charlie McAvoy           Brady Skjei              60     1   2  2  
 2 Nikita Zaitsev           Jakob Chychrun           40     1   2  2  

4 vs 4 Forward 
   Center                   Wing                     Time % Phy DF OF 
 1 Auston Matthews          Mikko Rantanen           60     1   2  2  
 2 Timo Meier               Evgenii Dadonov          40     1   2  2  

4 vs 4 Defense
   Defense                  Defense                  Time % Phy DF OF 
 1 Charlie McAvoy           Brady Skjei              60     1   2  2  
 2 Nikita Zaitsev           Jakob Chychrun           40     1   2  2  

Last Minutes Offensive
   Center                   Left Wing                Right Wing               Defense                  Defense                  
   Auston Matthews          Mikko Rantanen           Timo Meier               Charlie McAvoy           Brady Skjei              

Last Minutes Defensive
   Center                   Left Wing                Right Wing               Defense                  Defense                  
   Auston Matthews          Mikko Rantanen           Timo Meier               Charlie McAvoy           Brady Skjei              

Goaltenders
Starting : Ben Bishop               
Backup : Ilya Samsonov            

Extra Forwards
Normal : Ilya Mikheyev, Kasperi Kapanen, Alex Tuch - PP : Ilya Mikheyev, Kasperi Kapanen - PK : Alex Tuch
Extra Defensemen
Normal : Quinn Hughes, Adam Boqvist, Nikita Zaitsev - PP : Quinn Hughes - PK : Adam Boqvist, Nikita Zaitsev
Penalty Shots
Auston Matthews, Mikko Rantanen, Timo Meier, Evgenii Dadonov, Travis Konecny

Scratches
Jason Spezza (Healthy), Vladimir Sobotka (Healthy)

LOS ANGELES

5 vs 5 Forward 
   Center                   Left Wing                Right Wing               Time % Phy DF OF 
 1 Jonathan Toews           Matthew Tkachuk          Mika Zibanejad           39     0   2  3  
 2 Nick Bonino              Mike Hoffman             Jakub Vrana              32     0   2  3  
 3 Travis Zajac             Vladislav Namestnikov    Artem Anisimov           25     1   2  2  
 4 Riley Nash               Gabriel Bourque          Nick Cousins             4      2   2  1  

5 vs 5 Defense 
   Defense                  Defense                                           Time % Phy DF OF 
 1 Kris Letang              Ryan McDonagh                                     40     1   2  2  
 2 Zdeno Chara              Alex Goligoski                                    35     1   2  2  
 3 Johnny Boychuk           Josh Manson                                       17     3   1  1  
 4 Kris Letang              Ryan McDonagh                                     8      1   2  2  

PowerPlay Forward 
   Center                   Left Wing                Right Wing               Time % Phy DF OF 
 1 Mika Zibanejad           Matthew Tkachuk          Jonathan Toews           66     0   1  4  
 2 Nick Bonino              Mike Hoffman             Jakub Vrana              34     0   1  4  

PowerPlay Defense
   Defense                  Defense                                           Time % Phy DF OF 
 1 Kris Letang              Ryan McDonagh                                     60     1   2  2  
 2 Zdeno Chara              Alex Goligoski                                    40     2   0  3  

Penalty Kill 4 Players Forward 
   Center                   Wing                     Time % Phy DF OF 
 1 Mika Zibanejad           Jonathan Toews           60     1   2  2  
 2 Matthew Tkachuk          Mike Hoffman             40     1   2  2  

Penalty Kill 4 Players Defense
   Defense                  Defense                  Time % Phy DF OF 
 1 Kris Letang              Ryan McDonagh            60     1   2  2  
 2 Zdeno Chara              Alex Goligoski           40     1   2  2  

Penalty Kill - 3 Players Forward 
   Forward                                           Time % Phy DF OF 
 1 Mika Zibanejad                                    60     1   2  2  
 2 Jonathan Toews                                    40     1   2  2  

Penalty Kill - 3 Players Defense
   Defense                  Defense                  Time % Phy DF OF 
 1 Kris Letang              Ryan McDonagh            60     1   2  2  
 2 Zdeno Chara              Alex Goligoski           40     1   2  2  

4 vs 4 Forward 
   Center                   Wing                     Time % Phy DF OF 
 1 Mika Zibanejad           Jonathan Toews           60     1   2  2  
 2 Matthew Tkachuk          Mike Hoffman             40     1   2  2  

4 vs 4 Defense
   Defense                  Defense                  Time % Phy DF OF 
 1 Kris Letang              Ryan McDonagh            60     1   2  2  
 2 Zdeno Chara              Alex Goligoski           40     1   2  2  

Last Minutes Offensive
   Center                   Left Wing                Right Wing               Defense                  Defense                  
   Mika Zibanejad           Matthew Tkachuk          Mike Hoffman             Kris Letang              Ryan McDonagh            

Last Minutes Defensive
   Center                   Left Wing                Right Wing               Defense                  Defense                  
   Mika Zibanejad           Matthew Tkachuk          Mike Hoffman             Kris Letang              Ryan McDonagh            

Goaltenders
Starting : Antti Raanta             
Backup : Jaroslav Halak           

Extra Forwards
Normal : Gabriel Bourque, Travis Zajac, Vladislav Namestnikov - PP : Gabriel Bourque, Travis Zajac - PK : Vladislav Namestnikov
Extra Defensemen
Normal : Johnny Boychuk, Josh Manson, Zdeno Chara - PP : Johnny Boychuk - PK : Josh Manson, Zdeno Chara
Penalty Shots
Mika Zibanejad, Jonathan Toews, Matthew Tkachuk, Mike Hoffman, Nick Bonino

Scratches
None


% Time on Ice - DALLAS

Lines # - Real PCT - Wanted PCT - Time Play
Normal Forward
1 - 34% - 35% - 17:40
2 - 31% - 30% - 15:57
3 - 25% - 25% - 13:05
4 - 10% - 10% - 5:02
Normal Defense
1 - 31% - 35% - 16:06
2 - 33% - 30% - 17:10
3 - 30% - 25% - 15:27
4 - 6% - 10% - 3:01
PP Forward
1 - 37% - 60% - 0:44
2 - 63% - 40% - 1:15
PP Defense
1 - 63% - 60% - 1:15
2 - 37% - 40% - 0:44
PK Forward
1 - 74% - 60% - 4:38
2 - 26% - 40% - 1:39
PK Defense
1 - 72% - 60% - 4:31
2 - 28% - 40% - 1:46
PK3 Forward
1 - 0% - 60%
2 - 0% - 40%
PK3 Defense
1 - 0% - 60%
2 - 0% - 40%
44 Forward
1 - 0% - 60%
2 - 0% - 40%
44 Defense
1 - 0% - 60%
2 - 0% - 40%
Last Minute Offensive  - 0:00
Last Minute Defensive  - 0:00
Total
Forward - 60:00
Defense - 60:00

% Time on Ice - LOS ANGELES

Lines # - Real PCT - Wanted PCT - Time Play
Normal Forward
1 - 35% - 39% - 18:05
2 - 30% - 32% - 15:24
3 - 23% - 25% - 12:01
4 - 12% - 4% - 6:14
Normal Defense
1 - 36% - 40% - 18:37
2 - 38% - 35% - 19:33
3 - 24% - 17% - 12:28
4 - 2% - 8% - 1:06
PP Forward
1 - 68% - 66% - 4:15
2 - 32% - 34% - 2:02
PP Defense
1 - 68% - 60% - 4:15
2 - 32% - 40% - 2:02
PK Forward
1 - 77% - 60% - 1:32
2 - 23% - 40% - 0:27
PK Defense
1 - 77% - 60% - 1:32
2 - 23% - 40% - 0:27
PK3 Forward
1 - 0% - 60%
2 - 0% - 40%
PK3 Defense
1 - 0% - 60%
2 - 0% - 40%
44 Forward
1 - 0% - 60%
2 - 0% - 40%
44 Defense
1 - 0% - 60%
2 - 0% - 40%
Last Minute Offensive  - 0:00
Last Minute Defensive  - 0:00
Total
Forward - 60:00
Defense - 60:00

Play-by-Play

1st period


0:01 of 1st period - Auston Matthews wins face-off versus Jonathan Toews in neutral zone.
0:24 of 1st period - Shot by Mikko Rantanen.
0:24 of 1st period - Stopped by Antti Raanta without a rebound.
0:25 of 1st period - Pavel Zacha wins face-off versus Nick Bonino in LOS ANGELES zone.
0:34 of 1st period - Shot by Pavel Zacha.
0:34 of 1st period - Deflect By Evgenii Dadonov.
0:34 of 1st period - Stopped by Antti Raanta without a rebound.
0:35 of 1st period - Travis Zajac wins face-off versus Alex Tuch in LOS ANGELES zone.
0:56 of 1st period - Shot by Travis Zajac.
0:56 of 1st period - Stopped by Ben Bishop without a rebound.
0:57 of 1st period - Nick Bonino wins face-off versus Pavel Zacha in DALLAS zone.
1:06 of 1st period - Shot by Nick Bonino.
1:06 of 1st period - Goal by Nick Bonino - DALLAS : 0 - LOS ANGELES : 1.
1:07 of 1st period - Riley Nash wins face-off versus Kirby Dach in neutral zone.
1:07 of 1st period - Riley Nash is hit by Lawson Crouse.
1:10 of 1st period - Ryan McDonagh is hit by Lawson Crouse and loses puck.
1:20 of 1st period - Lawson Crouse is hit by Kris Letang and loses puck.
1:32 of 1st period - Icing by Nick Cousins.
1:33 of 1st period - Evgenii Dadonov wins face-off versus Riley Nash in LOS ANGELES zone.
1:38 of 1st period - Shot by Travis Konecny.
1:38 of 1st period - Stopped by Antti Raanta without a rebound.
1:39 of 1st period - Auston Matthews wins face-off versus Jonathan Toews in LOS ANGELES zone.
1:39 of 1st period - Auston Matthews is hit by Zdeno Chara.
1:50 of 1st period - Alex Goligoski is hit by Nikita Zaitsev and loses puck.
2:05 of 1st period - Shot by Mika Zibanejad.
2:05 of 1st period - Stopped by Ben Bishop without a rebound.
2:06 of 1st period - Mike Hoffman wins face-off versus Pavel Zacha in DALLAS zone.
2:06 of 1st period - Mike Hoffman is hit by Brady Skjei.
2:35 of 1st period - Jakub Vrana is hit by Charlie McAvoy.
2:46 of 1st period - Brady Skjei is hit by Kris Letang and loses puck.
4:07 of 1st period - Auston Matthews is hit by Josh Manson and loses puck.
4:24 of 1st period - Shot by Auston Matthews.
4:24 of 1st period - Shot Misses the Net.
4:37 of 1st period - Icing by Nikita Zaitsev.
4:38 of 1st period - Riley Nash wins face-off versus Auston Matthews in DALLAS zone.
4:49 of 1st period - Shot by Timo Meier.
4:49 of 1st period - Deflect By Auston Matthews.
4:49 of 1st period - Shot Misses the Net.
5:02 of 1st period - Off-side.
5:03 of 1st period - Nick Bonino wins face-off versus Kirby Dach in neutral zone.
5:10 of 1st period - Shot by Jakub Vrana.
5:10 of 1st period - Stopped by Ben Bishop with a rebound.
5:24 of 1st period - Shot by Kirby Dach.
5:24 of 1st period - Shot Misses the Net.
5:34 of 1st period - Shot by Denis Gurianov.
5:34 of 1st period - Shot Misses the Net.
6:15 of 1st period - Icing by Mika Zibanejad.
6:16 of 1st period - Auston Matthews wins face-off versus Jonathan Toews in LOS ANGELES zone.
6:25 of 1st period - Shot by Matthew Tkachuk.
6:25 of 1st period - Deflect By Mika Zibanejad.
6:25 of 1st period - Shot Blocked by Auston Matthews.
6:27 of 1st period - Shot by Mika Zibanejad.
6:27 of 1st period - Stopped by Ben Bishop with a rebound.
7:24 of 1st period - Shot by Artem Anisimov.
7:24 of 1st period - Stopped by Ben Bishop with a rebound.
7:38 of 1st period - Shot by Evgenii Dadonov.
7:38 of 1st period - Stopped by Antti Raanta without a rebound.
7:39 of 1st period - Nick Bonino wins face-off versus Alex Tuch in LOS ANGELES zone.
7:39 of 1st period - Jakub Vrana is hit by Alex Tuch and loses puck.
7:53 of 1st period - Nick Bonino is hit by Brady Skjei and loses puck.
8:51 of 1st period - Shot by Nick Cousins.
8:51 of 1st period - Stopped by Ben Bishop without a rebound.
8:52 of 1st period - Kirby Dach wins face-off versus Artem Anisimov in DALLAS zone.
9:08 of 1st period - Off-side.
9:09 of 1st period - Jonathan Toews wins face-off versus Pavel Zacha in neutral zone.
9:31 of 1st period - Shot by Evgenii Dadonov.
9:31 of 1st period - Stopped by Antti Raanta without a rebound.
9:32 of 1st period - Travis Zajac wins face-off versus Auston Matthews in LOS ANGELES zone.
9:47 of 1st period - Off-side.
9:48 of 1st period - Jonathan Toews wins face-off versus Pavel Zacha in neutral zone.
10:28 of 1st period - Shot by Jonathan Toews.
10:28 of 1st period - Stopped by Ben Bishop without a rebound.
10:29 of 1st period - Auston Matthews wins face-off versus Nick Bonino in DALLAS zone.
12:05 of 1st period - Shot by Kasperi Kapanen.
12:05 of 1st period - Goal by Kasperi Kapanen - DALLAS : 1 - LOS ANGELES : 1.
12:06 of 1st period - Mika Zibanejad wins face-off versus Pavel Zacha in neutral zone.
12:32 of 1st period - Evgenii Dadonov is hit by Alex Goligoski and loses puck.
13:08 of 1st period - Icing by Nikita Zaitsev.
13:09 of 1st period - Nick Bonino wins face-off versus Kirby Dach in DALLAS zone.
13:14 of 1st period - Shot by Kris Letang.
13:14 of 1st period - Stopped by Ben Bishop without a rebound.
13:15 of 1st period - Nick Bonino wins face-off versus Auston Matthews in DALLAS zone.
13:28 of 1st period - Shot by Nick Bonino.
13:28 of 1st period - Stopped by Ben Bishop without a rebound.
13:29 of 1st period - Travis Zajac wins face-off versus Alex Tuch in DALLAS zone.
13:38 of 1st period - Shot by Artem Anisimov.
13:38 of 1st period - Stopped by Ben Bishop without a rebound.
13:39 of 1st period - Auston Matthews wins face-off versus Nick Bonino in DALLAS zone.
13:39 of 1st period - Auston Matthews is hit by Nick Bonino.
13:45 of 1st period - Nick Bonino is hit by Timo Meier and loses puck.
13:54 of 1st period - Shot by Nick Bonino.
13:54 of 1st period - Stopped by Ben Bishop with a rebound.
14:02 of 1st period - Shot by Kris Letang.
14:02 of 1st period - Shot Misses the Net.
14:04 of 1st period - Shot by Kris Letang.
14:04 of 1st period - Goal by Kris Letang - DALLAS : 1 - LOS ANGELES : 2.
14:05 of 1st period - Alex Tuch wins face-off versus Jonathan Toews in neutral zone.
14:07 of 1st period - Charlie McAvoy is hit by Matthew Tkachuk and loses puck.
14:50 of 1st period - Jonathan Toews is hit by Ilya Mikheyev and loses puck.
15:55 of 1st period - Shot by Evgenii Dadonov.
15:55 of 1st period - Stopped by Antti Raanta without a rebound.
15:56 of 1st period - Nick Bonino wins face-off versus Kirby Dach in LOS ANGELES zone.
16:01 of 1st period - Nikita Zaitsev is hit by Mike Hoffman and loses puck.
16:53 of 1st period - Icing by Charlie McAvoy.
16:54 of 1st period - Pavel Zacha wins face-off versus Artem Anisimov in DALLAS zone.
17:11 of 1st period - Shot by Artem Anisimov.
17:11 of 1st period - Shot Blocked by Brady Skjei.
18:20 of 1st period - Off-side.
18:21 of 1st period - Nick Bonino wins face-off versus Alex Tuch in neutral zone.
18:24 of 1st period - Shot by Jakub Vrana.
18:24 of 1st period - Stopped by Ben Bishop with a rebound.
18:46 of 1st period - Shot by Nick Bonino.
18:46 of 1st period - Shot Misses the Net.
18:48 of 1st period - Shot by Nick Bonino.
18:48 of 1st period - Stopped by Ben Bishop without a rebound.
18:49 of 1st period - Riley Nash wins face-off versus Pavel Zacha in DALLAS zone.
19:16 of 1st period - Kris Letang is hit by Travis Konecny and loses puck.
19:22 of 1st period - Off-side.
19:23 of 1st period - Jonathan Toews wins face-off versus Auston Matthews in neutral zone.
19:43 of 1st period - Shot by Auston Matthews.
19:43 of 1st period - Goal by Auston Matthews - DALLAS : 2 - LOS ANGELES : 2.
19:44 of 1st period - Alex Tuch wins face-off versus Nick Bonino in neutral zone.
19:46 of 1st period - Quinn Hughes is hit by Jakub Vrana and loses puck.
19:51 of 1st period - Shot by Jakub Vrana.
19:51 of 1st period - Shot Blocked by Quinn Hughes.
19:53 of 1st period - Shot by Nick Bonino.
19:53 of 1st period - Stopped by Ben Bishop without a rebound.
19:54 of 1st period - Timo Meier wins face-off versus Jonathan Toews in DALLAS zone.
19:54 of 1st period - Timo Meier is hit by Matthew Tkachuk.
Goals for this period are 2 for DALLAS vs 2 for LOS ANGELES.
Shots for this period are 8 for DALLAS vs 16 for LOS ANGELES.

2nd period


0:01 of 2nd period - Auston Matthews wins face-off versus Mika Zibanejad in neutral zone.
0:14 of 2nd period - Icing by Ryan McDonagh.
0:15 of 2nd period - Pavel Zacha wins face-off versus Jonathan Toews in LOS ANGELES zone.
0:46 of 2nd period - Icing by Kris Letang.
0:47 of 2nd period - Jonathan Toews wins face-off versus Alex Tuch in LOS ANGELES zone.
0:59 of 2nd period - Minor Penalty to Brady Skjei for Tripping.
1:00 of 2nd period - Jakub Vrana wins face-off versus Auston Matthews in DALLAS zone.
1:09 of 2nd period - Shot by Alex Goligoski.
1:09 of 2nd period - Stopped by Ben Bishop without a rebound.
1:10 of 2nd period - Nick Bonino wins face-off versus Auston Matthews in DALLAS zone.
1:33 of 2nd period - Shot by Nick Bonino.
1:33 of 2nd period - Stopped by Ben Bishop without a rebound.
1:34 of 2nd period - Mika Zibanejad wins face-off versus Auston Matthews in DALLAS zone.
1:43 of 2nd period - Shot by Ryan McDonagh.
1:43 of 2nd period - Stopped by Ben Bishop without a rebound.
1:44 of 2nd period - Mika Zibanejad wins face-off versus Auston Matthews in DALLAS zone.
1:53 of 2nd period - Shot by Matthew Tkachuk.
1:53 of 2nd period - Shot Blocked by Charlie McAvoy.
1:55 of 2nd period - Shot by Ryan McDonagh.
1:55 of 2nd period - Shot Misses the Net.
2:21 of 2nd period - Shot by Mika Zibanejad.
2:21 of 2nd period - Shot Blocked by Charlie McAvoy.
2:23 of 2nd period - Shot by Mika Zibanejad.
2:23 of 2nd period - Goal by Mika Zibanejad - DALLAS : 2 - LOS ANGELES : 3.
2:24 of 2nd period - Nick Bonino wins face-off versus Alex Tuch in neutral zone.
2:44 of 2nd period - Shot by Nick Bonino.
2:44 of 2nd period - Goal by Nick Bonino - DALLAS : 2 - LOS ANGELES : 4.
2:45 of 2nd period - Travis Zajac wins face-off versus Pavel Zacha in neutral zone.
3:21 of 2nd period - Shot by Artem Anisimov.
3:21 of 2nd period - Goal by Artem Anisimov - DALLAS : 2 - LOS ANGELES : 5.
3:22 of 2nd period - Nick Bonino wins face-off versus Alex Tuch in neutral zone.
3:36 of 2nd period - Kasperi Kapanen is hit by Mike Hoffman and loses puck.
4:57 of 2nd period - Shot by Mikko Rantanen.
4:57 of 2nd period - Stopped by Antti Raanta with a rebound.
5:24 of 2nd period - Shot by Evgenii Dadonov.
5:24 of 2nd period - Stopped by Antti Raanta without a rebound.
5:25 of 2nd period - Kirby Dach wins face-off versus Travis Zajac in LOS ANGELES zone.
5:25 of 2nd period - Lawson Crouse is hit by Kris Letang.
5:26 of 2nd period - Minor Penalty to Kris Letang for Roughing.
5:27 of 2nd period - Pavel Zacha wins face-off versus Vladislav Namestnikov in LOS ANGELES zone.
5:50 of 2nd period - Shot by Travis Konecny.
5:50 of 2nd period - Stopped by Antti Raanta with a rebound.
5:52 of 2nd period - Shot by Travis Konecny.
5:52 of 2nd period - Shot Misses the Net.
5:54 of 2nd period - Shot by Brady Skjei.
5:54 of 2nd period - Shot Misses the Net.
5:56 of 2nd period - Shot by Brady Skjei.
5:56 of 2nd period - Deflect By Evgenii Dadonov.
5:56 of 2nd period - Stopped by Antti Raanta without a rebound.
5:57 of 2nd period - Mika Zibanejad wins face-off versus Auston Matthews in LOS ANGELES zone.
5:57 of 2nd period - Jonathan Toews is hit by Timo Meier.
6:07 of 2nd period - Shot by Auston Matthews.
6:07 of 2nd period - Shot Misses the Net.
6:09 of 2nd period - Shot by Nikita Zaitsev.
6:09 of 2nd period - Shot Blocked by Josh Manson.
6:11 of 2nd period - Shot by Nikita Zaitsev.
6:11 of 2nd period - Stopped by Antti Raanta without a rebound.
6:12 of 2nd period - Pavel Zacha wins face-off versus Mika Zibanejad in LOS ANGELES zone.
6:23 of 2nd period - Shot by Charlie McAvoy.
6:23 of 2nd period - Shot Misses the Net.
7:09 of 2nd period - Icing by Nikita Zaitsev.
7:10 of 2nd period - Auston Matthews wins face-off versus Mika Zibanejad in DALLAS zone.
7:32 of 2nd period - Off-side.
7:33 of 2nd period - Nick Bonino wins face-off versus Kasperi Kapanen in neutral zone.
7:35 of 2nd period - Jakub Vrana is hit by Adam Boqvist and loses puck.
8:01 of 2nd period - Shot by Alex Tuch.
8:01 of 2nd period - Shot Misses the Net.
8:03 of 2nd period - Shot by Kasperi Kapanen.
8:03 of 2nd period - Stopped by Antti Raanta without a rebound.
8:04 of 2nd period - Travis Zajac wins face-off versus Auston Matthews in LOS ANGELES zone.
8:28 of 2nd period - Shot by Vladislav Namestnikov.
8:28 of 2nd period - Shot Misses the Net.
8:35 of 2nd period - Auston Matthews is hit by Zdeno Chara and loses puck.
8:57 of 2nd period - Auston Matthews is hit by Matthew Tkachuk.
9:11 of 2nd period - Shot by Matthew Tkachuk.
9:11 of 2nd period - Deflect By Mika Zibanejad.
9:11 of 2nd period - Shot Misses the Net.
9:58 of 2nd period - Shot by Alex Tuch.
9:58 of 2nd period - Shot Misses the Net.
10:00 of 2nd period - Shot by Ilya Mikheyev.
10:00 of 2nd period - Shot Blocked by Josh Manson.
10:10 of 2nd period - Shot by Ilya Mikheyev.
10:10 of 2nd period - Stopped by Antti Raanta without a rebound.
10:11 of 2nd period - Denis Gurianov wins face-off versus Riley Nash in LOS ANGELES zone.
10:25 of 2nd period - Icing by Gabriel Bourque.
10:26 of 2nd period - Riley Nash wins face-off versus Alex Tuch in LOS ANGELES zone.
10:39 of 2nd period - Shot by Gabriel Bourque.
10:39 of 2nd period - Stopped by Ben Bishop without a rebound.
10:40 of 2nd period - Jonathan Toews wins face-off versus Auston Matthews in DALLAS zone.
10:47 of 2nd period - Shot by Jonathan Toews.
10:47 of 2nd period - Shot Blocked by Nikita Zaitsev.
10:55 of 2nd period - Shot by Timo Meier.
10:55 of 2nd period - Goal by Timo Meier - DALLAS : 3 - LOS ANGELES : 5.
10:56 of 2nd period - Nick Bonino wins face-off versus Pavel Zacha in neutral zone.
10:56 of 2nd period - Nick Bonino is hit by Pavel Zacha.
11:03 of 2nd period - Icing by Brady Skjei.
11:04 of 2nd period - Pavel Zacha wins face-off versus Jonathan Toews in DALLAS zone.
11:26 of 2nd period - Evgenii Dadonov is hit by Matthew Tkachuk and loses puck.
12:11 of 2nd period - Shot by Auston Matthews.
12:11 of 2nd period - Shot Misses the Net.
12:17 of 2nd period - Jakob Chychrun is hit by Nick Bonino and loses puck.
12:28 of 2nd period - Nick Bonino is hit by Timo Meier and loses puck.
12:53 of 2nd period - Josh Manson is hit by Timo Meier and loses puck.
13:01 of 2nd period - Travis Zajac is hit by Jakob Chychrun and loses puck.
13:07 of 2nd period - Travis Zajac is hit by Nikita Zaitsev.
13:16 of 2nd period - Artem Anisimov is hit by Nikita Zaitsev and loses puck.
13:34 of 2nd period - Minor Penalty to Jakob Chychrun for Hooking.
13:35 of 2nd period - Alex Tuch wins face-off versus Mika Zibanejad in DALLAS zone.
14:54 of 2nd period - Shot by Mike Hoffman.
14:54 of 2nd period - Shot Blocked by Charlie McAvoy.
15:03 of 2nd period - Icing by Zdeno Chara.
15:04 of 2nd period - Nick Bonino wins face-off versus Alex Tuch in LOS ANGELES zone.
15:15 of 2nd period - Shot by Alex Goligoski.
15:15 of 2nd period - Stopped by Ben Bishop without a rebound.
15:16 of 2nd period - Nick Bonino wins face-off versus Mikko Rantanen in DALLAS zone.
15:55 of 2nd period - Shot by Brady Skjei.
15:55 of 2nd period - Stopped by Antti Raanta without a rebound.
15:56 of 2nd period - Alex Tuch wins face-off versus Riley Nash in LOS ANGELES zone.
15:57 of 2nd period - Shot by Ilya Mikheyev.
15:57 of 2nd period - Stopped by Antti Raanta without a rebound.
15:58 of 2nd period - Riley Nash wins face-off versus Alex Tuch in LOS ANGELES zone.
15:58 of 2nd period - Riley Nash is hit by Alex Tuch.
16:17 of 2nd period - Zdeno Chara is hit by Jakob Chychrun and loses puck.
16:47 of 2nd period - Minor Penalty to Nikita Zaitsev for Tripping.
16:48 of 2nd period - Auston Matthews wins face-off versus Mika Zibanejad in DALLAS zone.
16:53 of 2nd period - Shot by Kris Letang.
16:53 of 2nd period - Stopped by Ben Bishop without a rebound.
16:54 of 2nd period - Mika Zibanejad wins face-off versus Auston Matthews in DALLAS zone.
17:29 of 2nd period - Shot by Kris Letang.
17:29 of 2nd period - Stopped by Ben Bishop without a rebound.
17:30 of 2nd period - Auston Matthews wins face-off versus Nick Bonino in DALLAS zone.
17:30 of 2nd period - Auston Matthews is hit by Jakub Vrana.
18:06 of 2nd period - Shot by Alex Goligoski.
18:06 of 2nd period - Stopped by Ben Bishop without a rebound.
18:07 of 2nd period - Mika Zibanejad wins face-off versus Auston Matthews in DALLAS zone.
18:08 of 2nd period - Shot by Ryan McDonagh.
18:08 of 2nd period - Shot Misses the Net.
18:22 of 2nd period - Icing by Ryan McDonagh.
18:23 of 2nd period - Auston Matthews wins face-off versus Matthew Tkachuk in LOS ANGELES zone.
18:34 of 2nd period - Shot by Ryan McDonagh.
18:34 of 2nd period - Shot Blocked by Charlie McAvoy.
19:00 of 2nd period - Shot by Artem Anisimov.
19:00 of 2nd period - Stopped by Ben Bishop without a rebound.
19:01 of 2nd period - Alex Tuch wins face-off versus Nick Bonino in DALLAS zone.
19:06 of 2nd period - Shot by Kasperi Kapanen.
19:06 of 2nd period - Shot Misses the Net.
19:12 of 2nd period - Shot by Mike Hoffman.
19:12 of 2nd period - Stopped by Ben Bishop without a rebound.
19:13 of 2nd period - Pavel Zacha wins face-off versus Vladislav Namestnikov in DALLAS zone.
19:25 of 2nd period - Evgenii Dadonov is hit by Kris Letang and loses puck.
19:32 of 2nd period - Shot by Charlie McAvoy.
19:32 of 2nd period - Stopped by Antti Raanta without a rebound.
19:33 of 2nd period - Mika Zibanejad wins face-off versus Auston Matthews in LOS ANGELES zone.
19:46 of 2nd period - Shot by Auston Matthews.
19:46 of 2nd period - Stopped by Antti Raanta without a rebound.
19:47 of 2nd period - Nick Bonino wins face-off versus Travis Konecny in LOS ANGELES zone.
19:52 of 2nd period - Shot by Jakub Vrana.
19:52 of 2nd period - Stopped by Ben Bishop without a rebound.
19:53 of 2nd period - Auston Matthews wins face-off versus Jonathan Toews in DALLAS zone.
19:58 of 2nd period - Shot by Charlie McAvoy.
19:58 of 2nd period - Stopped by Antti Raanta without a rebound.
19:59 of 2nd period - Jonathan Toews wins face-off versus Auston Matthews in LOS ANGELES zone.
Goals for this period are 1 for DALLAS vs 3 for LOS ANGELES.
Shots for this period are 13 for DALLAS vs 14 for LOS ANGELES.

3rd period


0:01 of 3rd period - Jonathan Toews wins face-off versus Auston Matthews in neutral zone.
0:26 of 3rd period - Shot by Timo Meier.
0:26 of 3rd period - Stopped by Antti Raanta without a rebound.
0:27 of 3rd period - Pavel Zacha wins face-off versus Nick Bonino in LOS ANGELES zone.
1:03 of 3rd period - Icing by Zdeno Chara.
1:04 of 3rd period - Auston Matthews wins face-off versus Nick Bonino in LOS ANGELES zone.
1:36 of 3rd period - Icing by Alex Goligoski.
1:37 of 3rd period - Kasperi Kapanen wins face-off versus Nick Bonino in LOS ANGELES zone.
1:38 of 3rd period - Shot by Ilya Mikheyev.
1:38 of 3rd period - Stopped by Antti Raanta without a rebound.
1:39 of 3rd period - Jonathan Toews wins face-off versus Pavel Zacha in LOS ANGELES zone.
1:39 of 3rd period - Jonathan Toews is hit by Pavel Zacha.
2:08 of 3rd period - Off-side.
2:09 of 3rd period - Auston Matthews wins face-off versus Travis Zajac in neutral zone.
2:14 of 3rd period - Shot by Timo Meier.
2:14 of 3rd period - Shot Misses the Net.
2:47 of 3rd period - Mikko Rantanen is hit by Johnny Boychuk and loses puck.
4:16 of 3rd period - Shot by Pavel Zacha.
4:16 of 3rd period - Stopped by Antti Raanta without a rebound.
4:17 of 3rd period - Kirby Dach wins face-off versus Gabriel Bourque in LOS ANGELES zone.
5:21 of 3rd period - Mike Hoffman is hit by Quinn Hughes and loses puck.
5:46 of 3rd period - Shot by Mika Zibanejad.
5:46 of 3rd period - Deflect By Jonathan Toews.
5:46 of 3rd period - Shot Blocked by Quinn Hughes.
5:48 of 3rd period - Shot by Jonathan Toews.
5:48 of 3rd period - Goal by Jonathan Toews - DALLAS : 3 - LOS ANGELES : 6.
5:49 of 3rd period - Jonathan Toews wins face-off versus Pavel Zacha in neutral zone.
6:20 of 3rd period - Shot by Jonathan Toews.
6:20 of 3rd period - Stopped by Ben Bishop without a rebound.
6:21 of 3rd period - Alex Tuch wins face-off versus Artem Anisimov in DALLAS zone.
6:42 of 3rd period - Shot by Travis Zajac.
6:42 of 3rd period - Shot Misses the Net.
6:59 of 3rd period - Ilya Mikheyev is hit by Alex Goligoski and loses puck.
9:07 of 3rd period - Icing by Nick Bonino.
9:08 of 3rd period - Alex Tuch wins face-off versus Nick Bonino in LOS ANGELES zone.
9:18 of 3rd period - Ilya Mikheyev is hit by Josh Manson and loses puck.
9:23 of 3rd period - Shot by Kasperi Kapanen.
9:23 of 3rd period - Stopped by Antti Raanta without a rebound.
9:24 of 3rd period - Riley Nash wins face-off versus Auston Matthews in LOS ANGELES zone.
9:50 of 3rd period - Icing by Adam Boqvist.
9:51 of 3rd period - Jonathan Toews wins face-off versus Auston Matthews in DALLAS zone.
9:54 of 3rd period - Shot by Mika Zibanejad.
9:54 of 3rd period - Stopped by Ben Bishop without a rebound.
9:55 of 3rd period - Jonathan Toews wins face-off versus Alex Tuch in DALLAS zone.
10:02 of 3rd period - Shot by Jonathan Toews.
10:02 of 3rd period - Shot Misses the Net.
10:35 of 3rd period - Jonathan Toews is hit by Brady Skjei and loses puck.
11:07 of 3rd period - Shot by Kris Letang.
11:07 of 3rd period - Shot Blocked by Charlie McAvoy.
11:19 of 3rd period - Shot by Jakub Vrana.
11:19 of 3rd period - Shot Misses the Net.
11:21 of 3rd period - Shot by Mike Hoffman.
11:21 of 3rd period - Shot Misses the Net.
12:00 of 3rd period - Shot by Mikko Rantanen.
12:00 of 3rd period - Shot Misses the Net.
12:04 of 3rd period - Shot by Auston Matthews.
12:04 of 3rd period - The goal is going for a video replay.
12:04 of 3rd period - The goal is refused.
12:05 of 3rd period - Jonathan Toews wins face-off versus Evgenii Dadonov in LOS ANGELES zone.
12:16 of 3rd period - Shot by Mika Zibanejad.
12:16 of 3rd period - Stopped by Ben Bishop with a rebound.
12:19 of 3rd period - Icing by Jakob Chychrun.
12:20 of 3rd period - Pavel Zacha wins face-off versus Riley Nash in DALLAS zone.
12:31 of 3rd period - Shot by Evgenii Dadonov.
12:31 of 3rd period - Stopped by Antti Raanta without a rebound.
12:32 of 3rd period - Jonathan Toews wins face-off versus Mikko Rantanen in LOS ANGELES zone.
13:01 of 3rd period - Shot by Timo Meier.
13:01 of 3rd period - Goal by Timo Meier - DALLAS : 4 - LOS ANGELES : 6.
13:02 of 3rd period - Pavel Zacha wins face-off versus Nick Bonino in neutral zone.
13:05 of 3rd period - Shot by Jakob Chychrun.
13:05 of 3rd period - Stopped by Antti Raanta without a rebound.
13:06 of 3rd period - Nick Bonino wins face-off versus Pavel Zacha in LOS ANGELES zone.
13:06 of 3rd period - Kris Letang is hit by Travis Konecny and loses puck.
13:22 of 3rd period - Shot by Evgenii Dadonov.
13:22 of 3rd period - Shot Blocked by Ryan McDonagh.
14:11 of 3rd period - Timo Meier is hit by Matthew Tkachuk and loses puck.
14:24 of 3rd period - Shot by Jonathan Toews.
14:24 of 3rd period - Shot Blocked by Adam Boqvist.
14:26 of 3rd period - Shot by Alex Goligoski.
14:26 of 3rd period - Stopped by Ben Bishop with a rebound.
14:30 of 3rd period - Shot by Mika Zibanejad.
14:30 of 3rd period - Stopped by Ben Bishop with a rebound.
14:56 of 3rd period - Vladislav Namestnikov is hit by Timo Meier and loses puck.
15:07 of 3rd period - Shot by Artem Anisimov.
15:07 of 3rd period - Shot Misses the Net.
15:11 of 3rd period - Shot by Vladislav Namestnikov.
15:11 of 3rd period - Deflect By Travis Zajac.
15:11 of 3rd period - Stopped by Ben Bishop with a rebound.
15:15 of 3rd period - Shot by Vladislav Namestnikov.
15:15 of 3rd period - Shot Blocked by Adam Boqvist.
15:17 of 3rd period - Shot by Vladislav Namestnikov.
15:17 of 3rd period - Stopped by Ben Bishop without a rebound.
15:18 of 3rd period - Riley Nash wins face-off versus Kirby Dach in DALLAS zone.
15:19 of 3rd period - Shot by Kris Letang.
15:19 of 3rd period - Stopped by Ben Bishop without a rebound.
15:20 of 3rd period - Pavel Zacha wins face-off versus Riley Nash in DALLAS zone.
15:57 of 3rd period - Off-side.
15:58 of 3rd period - Nick Bonino wins face-off versus Kirby Dach in neutral zone.
16:03 of 3rd period - Shot by Mike Hoffman.
16:03 of 3rd period - Shot Misses the Net.
16:25 of 3rd period - Zdeno Chara is hit by Lawson Crouse and loses puck.
17:19 of 3rd period - Shot by Matthew Tkachuk.
17:19 of 3rd period - Shot Misses the Net.
17:21 of 3rd period - Shot by Johnny Boychuk.
17:21 of 3rd period - Stopped by Ben Bishop without a rebound.
17:22 of 3rd period - Travis Zajac wins face-off versus Pavel Zacha in DALLAS zone.
17:32 of 3rd period - Icing by Travis Konecny.
17:33 of 3rd period - Riley Nash wins face-off versus Pavel Zacha in DALLAS zone.
17:33 of 3rd period - Ryan McDonagh is hit by Quinn Hughes and loses puck.
18:52 of 3rd period - Alex Goligoski is hit by Mikko Rantanen and loses puck.
19:04 of 3rd period - Minor Penalty to Timo Meier for Hooking.
19:05 of 3rd period - Auston Matthews wins face-off versus Mika Zibanejad in DALLAS zone.
19:05 of 3rd period - Auston Matthews is hit by Matthew Tkachuk.
19:25 of 3rd period - Shot by Ryan McDonagh.
19:25 of 3rd period - Stopped by Ben Bishop without a rebound.
19:26 of 3rd period - Mika Zibanejad wins face-off versus Auston Matthews in DALLAS zone.
19:43 of 3rd period - Ryan McDonagh is hit by Alex Tuch and loses puck.
19:52 of 3rd period - Nikita Zaitsev is hit by Matthew Tkachuk and loses puck.
Goals for this period are 1 for DALLAS vs 1 for LOS ANGELES.
Shots for this period are 8 for DALLAS vs 11 for LOS ANGELES.